 Dungeon Crawl Stone Soup version 0.27-a0-1555-g0e7b3fb1d2 (webtiles) character file.

Game seed: 4913964509557398864

46 bande the Covered (level 3, 24/24 HPs)
             Began as a Gargoyle Fighter on July 14, 2021.
             Quit the game on level 2 of the Dungeon.
             The game lasted 00:02:23 (1287 turns).

bande the Covered (Gargoyle Fighter)                Turns: 1287, Time: 00:02:24

Health: 24/24      AC: 10    Str: 19    XL:     3   Next: 66%
Magic:  2/2        EV:  7    Int:  8    God:
Gold:   39         SH:  9    Dex: 12    Spells: 2/2 levels left

rFire    . . .     SeeInvis .   a - +0 war axe
rCold    . . .     Faith    .   c - +0 kite shield
rNeg     + . .     Spirit   .   b - +0 scale mail
rPois    ∞         Reflect  .   (helmet restricted)
rElec    +         Harm     .   (no cloak)
rCorr    .         Rampage  .   (no gloves)
Will     .....                  (no boots)
Stlth    ..........             (no amulet)
HPRegen  0.08/turn              (no ring)
MPRegen  0.08/turn              (no ring)

@: no status effects
A: sickness immunity, AC +3, negative energy resistance 1, electricity
resistance, torment resistance 1, petrification resistance, antennae 1, agile 1,
low mp 1, screaming 1
a: no special abilities


You were on level 2 of the Dungeon.
You visited 1 branch of the dungeon, and saw 2 of its levels.

You collected 49 gold pieces.
You spent 10 gold pieces at shops.

Inventory:

Hand Weapons
 a - a +0 war axe (weapon)
Armour
 b - a +0 scale mail (worn)
 c - a +0 kite shield (worn)
Scrolls
 g - a scroll of teleportation
Potions
 d - a potion of might
 e - 2 potions of flight {unknown}
 f - a potion of brilliance
 i - a potion of curing


   Skills:
 + Level 3.6 Fighting
 + Level 2.5 Axes
 + Level 3.7 Armour
 + Level 3.6 Shields


You had 2 spell levels left.
You didn't know any spells.
Your spell library contained the following spells:

 Spells                   Type           Power      Damage    Failure   Level
 Poisonous Vapours        Pois/Air       0%         N/A       100%        2
 Mephitic Cloud           Conj/Pois/Air  0%         N/A       100%        3
 Freezing Cloud           Conj/Ice/Air   0%         6-21      100%        5


Dungeon Overview and Level Annotations

Branches:
Dungeon (2/15)

Altars:

Shops:
D:2 !


Innate Abilities, Weirdness & Mutations

You are immune to sickness and miasma.
Your stone body is resilient. (AC +3)
You are immune to poison.
You resist negative energy. (rN+)
You are resistant to electric shocks. (rElec)
You are resistant to unholy torment.
You are immune to petrification.
You have a pair of small antennae on your head.
You are agile. (Dex +2)
Your magical capacity is low. (-10% MP)
You occasionally shout uncontrollably at your foes.


Message History

A goblin comes into view. It is wielding a +0 dagger.
You see here a viscous amethyst potion.
The goblin closely misses you.
You closely miss the goblin. You block the goblin's attack.
You hit the goblin.
You kill the goblin!
No target in view!
No target in view!
No target in view!
No target in view!
No target in view!
h - a viscous amethyst potion
Found a dagger.
You open the door.
A rat comes into view.
The rat twitches its whiskers.
Found a scroll of identify.
The rat bites you but does no damage.
There is an open door here.
You hit the rat.
The rat is heavily wounded.
The rat closely misses you.
You hit the rat but do no damage.
The rat is heavily wounded.
You block the rat's attack. The rat barely misses you.
You hit the rat but do no damage.
The rat is heavily wounded.
You block the rat's attack. x2
You slash the rat!
You kill the rat!
No target in view!
No target in view!
No target in view!
j - a scroll of identify
As you read the scroll of identify, it crumbles to dust.
h - a potion of mutation Really quaff the potion of mutation?
You feel extremely strange.
You feel the urge to shout.
You feel less energetic. A pair of antennae grows on your head!
You feel agile.
Are you sure you want to abandon this character and quit the game? (Confirm with "yes".)

###### #....# #....#
#@...#
#....#############
#....##...........
#....##.####......
#....##.####..#.##
#....+).......#.#
#....##.#####.#.#
#.####'####.##......#
#...........##.##.####


There were no monsters in sight!

Vanquished Creatures
  An adder (D:2)
  2 ball pythons
  2 endoplasms
  A giant cockroach (D:1)
  5 hobgoblins
  7 jackals (D:1)
  A kobold (D:1)
  3 quokkas (D:1)
  A frilled lizard (D:1)
  3 goblins
  6 rats
32 creatures vanquished.

Notes
Turn   | Place    | Note
-------+----------+-------------------------------------------
     0 | D:1      | bande the Gargoyle Fighter began the quest for the Orb.
     0 | D:1      | Reached XP level 1. HP: 14/14 MP: 1/1
    29 | D:1      | Reached XP level 2. HP: 19/19 MP: 2/2
   786 | D:1      | Reached XP level 3. HP: 23/23 MP: 3/3
   799 | D:1      | Found a faded altar of an unknown god.
  1122 | D:2      | Found Lyaqaawo's Distillery.
  1129 | D:2      | Bought a potion of degeneration for 10 gold pieces
  1286 | D:2      | Gained mutation: You occasionally shout uncontrollably at
                  | your foes. [potion of mutation]
  1286 | D:2      | Gained mutation: Your magical capacity is low. (-10% MP)
                  | [potion of mutation]
  1286 | D:2      | Gained mutation: You have a pair of small antennae on your
                  | head. [potion of mutation]
  1286 | D:2      | Gained mutation: You are agile. (Dex +2) [potion of
                  | mutation]
  1287 | D:2      | Quit the game

Illustrated notes

Levels and vault maps discovered:
D:1:      dpeg_arrival_leaves_temple_mockup, layout_rooms, serial_curves,
          eino_curves_03, eino_curves_02, hellmonk_ecumenical_altar_zigzags,
          minmay_misc_feat_more_columns, moated_statue
D:2:      layout_basic, serial_shops,
          nicolae_shop_temple_entry_statues_fountains,
          corexii_item_surrounded_by_moat, serial_bayou_crossing

Skill      XL: |  1  2 |
---------------+-------+-----
Axes           | 2 |  2.5
Fighting       | |  3.6
Armour         | |  3.7
Shields        | |  3.6

Action                   || total
-------------------------++-------
Melee: War axe           ||    89
  Use: Scroll            ||     4
       Potion            ||     2
Armor: Scale mail        ||    59
Dodge: Dodged            ||    44
Block: Kite shield       ||    59

Table legend: (Time is in decaauts)
 A = Elapsed time spent in this place.
 B = Non-inter-level travel time spent in this place.
 C = Inter-level travel time spent in this place.
 D = Time resting spent in this place.
 E = Time spent auto-exploring this place.
 F = Levels seen in this place.
 G = Mean time per level.
                   A        B        C        D        E       F      G
               +--------+--------+--------+--------+--------+-----+--------+
         Total |   1329 |   1329 |      0 |    443 |    643 |   2 |  664.5 |
       Dungeon |   1329 |   1329 |      0 |    443 |    643 |   2 |  664.5 |
               +--------+--------+--------+--------+--------+-----+--------+

Top non-repeatable levels by time:
     D:1: 1165 daAuts
     D:2: 164 daAuts
